 Dungeon Crawl Stone Soup version 0.29.1-2-gbd0b4ee654 (webtiles) character file.

Game seed: 1514171455587097092

58 jamesblauser the Shooter (level 3, 0/30 HPs)
             Began as a Minotaur Hunter on Nov 6, 2022.
             Was a Follower of Okawaru.
             Killed from afar by Natasha (5 damage)
             ... with a magic dart
             ... on level 2 of the Dungeon.
             The game lasted 00:08:38 (1570 turns).

jamesblauser the Shooter (Minotaur Hunter)          Turns: 1570, Time: 00:08:38

Health: 0/30       AC:  3    Str: 15    XL:     3   Next: 75%
Magic:  0/2        EV: 15    Int:  6    God:    Okawaru [*.....]
Gold:   104        SH:  0    Dex: 15    Spells: 2/2 levels left

rFire   . . .      SeeInvis .   a - +0 shortbow (vorpal)
rCold   . . .      Faith    .   (shield currently unavailable)
rNeg    . . .      Spirit   .   c - +0 leather armour
rPois   .          Reflect  .   (helmet restricted)
rElec   .          Harm     .   (no cloak)
rCorr   .          Rampage  .   (no gloves)
Will    .....                   (no boots)
Stlth   +++.......              (no amulet)
HPRegen 0.10/turn               (no ring)
MPRegen 0.08/turn               (no ring)

@: heroic
A: horns 2, retaliatory headbutt
a: Renounce Religion, Heroism


You were on level 2 of the Dungeon.
You worshipped Okawaru.
Okawaru was aware of your devotion.
You visited 1 branch of the dungeon, and saw 2 of its levels.

You collected 104 gold pieces.

Inventory:

Hand Weapons
 a - a +0 vorpal shortbow (weapon)
Missiles
 e - 2 throwing nets
Armour
 c - a +0 leather armour (worn)
 f - an orb of guile
Scrolls
 b - 2 scrolls of immolation


   Skills:
 + Level 2.8(7.8) Fighting
 + Level 5.6(10.6) Ranged Weapons
 + Level 0.6(5.6) Armour
 + Level 2.4(7.4) Dodging
 + Level 0.7(5.7) Stealth


You had 2 spell levels left.
You didn't know any spells.
Your spell library was empty.

Dungeon Overview and Level Annotations

Branches:
Dungeon (2/15)

Altars:
Okawaru

Annotations:
D:2 Natasha, Robin


Innate Abilities, Weirdness & Mutations

You have a pair of horns on your head.
You reflexively headbutt those who attack you in melee.


Message History

You headbutt the crimson imp.
The crimson imp blinks!
Natasha claws you.
* * * LOW HITPOINT WARNING * * *
The crimson imp shouts, "Go and return not, thou bootless ill-nurtured puttock!"
Robin roars a battlecry!
The goblins go into a battle-frenzy!
You gain the combat prowess of a mighty hero.
Natasha misses you. The goblin barely misses you.
The hobgoblin closely misses you.
Fire: a) +0 shortbow (vorpal)
Press: ? - help, Q - select action, (/) - cycle Shift-Dir - straight line, f/p - Natasha
Aim: Natasha (61% to hit)
You shoot an arrow. The arrow hits Natasha.
Natasha is moderately wounded.
The crimson imp disappears in a puff of smoke!
The crimson imp blinks!
Natasha casts a spell.
The goblin barely misses you.
Fire: a) +0 shortbow (vorpal)
Press: ? - help, Q - select action, (/) - cycle Shift-Dir - straight line, f/p - Natasha
Aim: Natasha (moderately wounded, 61% to hit)
You shoot an arrow. The arrow hits Natasha.
Natasha is heavily wounded.
The goblin no longer looks unusually strong.
The adder bites you.
* * * LOW HITPOINT WARNING * * *
Natasha casts a spell at you. You resist with significant effort.
The hobgoblin closely misses you. The goblin barely misses you.
You furiously retaliate!
You headbutt the goblin!
You kill the goblin!
Okawaru accepts your kill.
Fire: a) +0 shortbow (vorpal)
Press: ? - help, Q - select action, (/) - cycle Shift-Dir - straight line, f/p - Natasha
Aim: Natasha (heavily wounded, 61% to hit)
You shoot an arrow. The arrow hits Natasha.
Natasha is almost dead.
The crimson imp disappears in a puff of smoke!
The adder closely misses you. Natasha casts a spell at you.
The magic dart hits you.
You die...

#.#.....#
#.....§######))
#.....)....5gg.
##....)w#####..
#......#
#g.....#
#55...##
#)g...# #@hg§.#
#.S...# #######


You could see a worm, Robin, Natasha, a crimson imp (summoned), an adder, a
shadow imp (summoned), a hobgoblin (strong) and a goblin.

Vanquished Creatures
  A gnoll (D:2)
  A worm (D:2)
  2 dart slugs
  4 ball pythons
  2 endoplasms (D:1)
  A giant cockroach (D:2)
  13 goblins
  3 hobgoblins
  2 jackals (D:1)
  3 kobolds (D:1)
  A quokka (D:2)
  3 rats (D:1)
  A spectral hobgoblin (D:2)
37 creatures vanquished.

Notes
Turn   | Place    | Note
-------+----------+-------------------------------------------
     0 | D:1      | jamesblauser the Minotaur Hunter began the quest for the
                  | Orb.
     0 | D:1      | Reached XP level 1. HP: 18/18 MP: 0/0
   463 | D:1      | Reached XP level 2. HP: 25/25 MP: 1/1
  1044 | D:1      | Reached skill level 5 in Ranged Weapons
  1301 | D:2      | Reached XP level 3. HP: 27/30 MP: 2/2
  1468 | D:2      | Found a faded altar of an unknown god.
  1479 | D:2      | Prayed at the altar of an unknown god.
  1479 | D:2      | Became a worshipper of Warmaster Okawaru
  1479 | D:2      | Reached * piety under Okawaru
  1544 | D:2      | Noticed Natasha
  1545 | D:2      | Noticed Robin
  1570 | D:2      | Killed from afar by Natasha

Illustrated notes

Levels and vault maps discovered:
D:1:      wander_arrival_lonely_grave, layout_loops_corners
D:2:      minmay_recursive_quarters, layout_basic,
          dreamdust_ecumenical_altar_drowned_temple, minmay_strange_pillars,
          uniq_natasha, uniq_robin, uniq_sigmund

Skill      XL: |  1  2 |
---------------+-------+-----
Ranged Weapons | 5 |  5.6
Fighting       | |  2.8
Armour         | |  0.6
Dodging        | |  2.4
Stealth        | |  0.7

Action                   || total
-------------------------++-------
 Fire: Shortbow          ||    74
Invok: Heroism           ||     1
  Use: Scroll            ||     5
       Potion            ||     2
Armor: Leather armour    ||    13
Dodge: Dodged            ||    35
